 Dungeon Crawl Stone Soup version 0.14.0-15-g6b16f67 (webtiles) character file.

4661 staplegun the Grappler (level 10, -1/96 HPs)
             Began as a Troll Monk on Apr 18, 2014.
             Was a Priest of Trog.
             Slain by an unseen horror (5 damage)
             ... on Level 10 of the Dungeon.
             The game lasted 00:07:56 (4689 turns).

staplegun the Grappler (Troll Monk)                 Turns: 4689, Time: 00:07:56

HP  -1/96        AC  7     Str 24      XL: 10   Next: 14%
MP   4/4         EV 13     Int  9      God: Trog [***...]
Gold 235         SH  0     Dex 12      Spells:  0 memorised,  9 levels left

rFire  . . .     SeeInvis .       - Unarmed
rCold  . . .     Clarity  .     a - +0 robe
rNeg   . . .     Conserve .     (shield restricted)
rPois  .         rCorr    .     C - +2 hat {Int+3}
rElec  .         rRot     .     (no cloak)
SustAb . .       Spirit   .     (gloves unavailable)
rMut   .         Warding  .     (boots unavailable)
Gourm  +         Stasis   .     (no amulet)
MR     .....                    (no ring)
                                (no ring)

@: not resistant to hostile enchantments, unstealthy
A: unfitting armour, claws 3, fast metabolism 3, gourmand, regeneration 2,
saprovore 2, shaggy fur 1, tough skin 2
a: Burn Spellbooks, Berserk, Trog's Hand, Renounce Religion


You were on level 10 of the Dungeon.
You worshipped Trog.
Trog was most pleased with you.
You were not hungry.

You visited 1 branch of the dungeon, and saw 10 of its levels.

You collected 235 gold pieces.

Inventory:

Armour
 a - a +0 robe (worn)
 C - a +2 hat of intelligence (worn)
Magical devices
 l - a wand of magic darts (4)
 q - a wand of slowing (7)
 r - a wand of digging (9) {unknown}
 A - a wand of fireball (2) {unknown}
Comestibles
 f - 3 bread rations
 x - 2 meat rations
 z - 5 apples
 B - a cheese
Scrolls
 c - 3 scrolls of immolation {unknown}
 d - 2 scrolls of enchant weapon I {unknown}
 g - 5 scrolls of remove curse {unknown}
 h - 7 scrolls of enchant weapon II {unknown}
 i - 8 scrolls of identify {unknown}
 j - 2 scrolls of random uselessness {unknown}
 p - 3 scrolls of teleportation {unknown}
 t - 2 scrolls of enchant armour {unknown}
 u - a scroll of acquirement {unknown}
 v - a scroll of blinking {unknown}
 w - 3 scrolls of amnesia {unknown}
Jewellery
 m - an uncursed ring of sustenance {unknown}
 y - a +3 ring of protection {unknown}
Potions
 b - a potion of flight {unknown}
 e - 4 potions of curing
 k - 2 potions of mutation {unknown}
 n - 3 potions of restore abilities {unknown}
 o - a potion of paralysis {unknown}
 s - 2 potions of agility {unknown}
 D - a potion of magic {unknown}


   Skills:
 + Level 5.4 Fighting
 + Level 8.5 Dodging
 - Level 1.1 Stealth
 + Level 10.4 Unarmed Combat


You had 9 spell levels left.
You didn't know any spells.

Dungeon Overview and Level Annotations

Branches:
Dungeon (10/15)            Temple (0/1) D:7
    Orc: D:9-12        Lair: D:8-11

Altars:
Cheibriados
Trog
Yredelemnul

Annotations:
D:10 Psyche


Innate Abilities, Weirdness & Mutations

You are too large for most types of armour.
You have claws for hands.
Your metabolism is lightning-fast.
You like to eat raw meat.
You heal very quickly.
You can eat rotten meat.
You are covered in fur (AC +1).
You have very tough skin (AC +2).


Message History

You are too injured to fight recklessly!
You are too injured to fight recklessly!
You are too injured to fight recklessly!
You are too injured to fight recklessly!
Something hits you.
* * * LOW HITPOINT WARNING * * *
The kobold hits you but does no damage.
You closely miss the kobold. Something hits you.
* * * LOW HITPOINT WARNING * * *
The kobold zaps a wand.
The magic dart hits you!
* * * LOW HITPOINT WARNING * * *
Drink which item? (? for menu, Esc to quit)
You feel better. Something hits you.
* * * LOW HITPOINT WARNING * * *
The kobold barely misses you.
You hit the kobold.
You kill the kobold!
Trog accepts your kill. Something hits you.
You die...

########
......#######
##...%...P%%#
#.........P.#
##.P.%..P...#
##+##.%.%%.....%#
#...##%.%....P%.#
#....'..........#
#.)@.'..........#
#...##%.%......%#
##+##..%%......%#
##%P.%....P.##
#..%.......%.#
#...%.......###
....####....##.
................
#...##.%.......


There were no monsters in sight!

Vanquished Creatures
  Gastronok (D:8)
  The ghost of SomeoneAwful the Covert, an experienced DDMo of Makhleb (D:7)
  A wyvern (D:10)
  A deep elf mage (D:9)
  A wraith (D:10)
  2 hungry ghosts
  A water moccasin (D:6)
  A necrophage (D:7)
  2 ice beasts
  2 orc warriors
  A black bear (D:10)
  A phantom (D:6)
  3 ogres
  Sigmund (D:2)
  2 giant frogs
  A scorpion (D:4)
  3 wights (D:6)
  4 crimson imps
  An orc priest (D:10)
  An iguana (D:7)
  2 hounds (D:4)
  5 orc wizards
  2 worker ants
  Terence (D:2)
  A worker ant zombie (D:5)
  6 gnolls (D:4)
  7 adders
  A giant mite (D:6)
  A worm (D:5)
  3 giant eyeballs
  4 giant geckos
  An ooze (D:3)
  11 orcs
  10 bats
  A bat zombie (D:6)
  3 giant cockroaches
  11 goblins
  10 hobgoblins
  3 quokkas
  A ball python (D:2)
  8 giant newts
  2 hobgoblin zombies
  2 jackals (D:6)
  10 kobolds
  11 rats
  A rat zombie (D:6)
149 creatures vanquished.

Notes
Turn   | Place    | Note
--------------------------------------------------------------
     0 | D:1      | staplegun, the Troll Monk, began the quest for the Orb.
     0 | D:1      | Reached XP level 1. HP: 22/22 MP: 1/1
   163 | D:1      | Reached XP level 2. HP: 27/29 MP: 1/1
   595 | D:1      | Reached XP level 3. HP: 36/36 MP: 2/2
   691 | D:2      | Noticed Sigmund
   697 | D:2      | Killed Sigmund
   697 | D:2      | Reached skill level 5 in Unarmed Combat
   697 | D:2      | Reached XP level 4. HP: 34/44 MP: 2/2
   745 | D:2      | Noticed Terence
   759 | D:2      | Killed Terence
   954 | D:3      | Reached XP level 5. HP: 50/50 MP: 2/2
  1058 | D:3      | Found a basalt altar of Yredelemnul.
  1675 | D:4      | Noticed a hungry ghost
  1681 | D:4      | Killed a hungry ghost
  1681 | D:4      | Reached XP level 6. HP: 36/61 MP: 3/3
  1987 | D:4      | Found a snail-covered altar of Cheibriados.
  2004 | D:4      | Reached skill level 6 in Unarmed Combat
  2314 | D:5      | Entered Level 5 of the Dungeon
  2412 | D:5      | Reached XP level 7. HP: 62/67 MP: 3/3
  2618 | D:5      | Paralysed by a giant eyeball for 2 turns
  2636 | D:6      | Reached skill level 5 in Dodging
  2773 | D:6      | Found a bloodstained altar of Trog.
  2850 | D:6      | Became a worshipper of Trog the Wrathful
  2850 | D:6      | Acquired Trog's first power
  2850 | D:6      | Acquired Trog's second power
  2926 | D:6      | Reached skill level 7 in Unarmed Combat
  3178 | D:7      | Reached XP level 8. HP: 69/78 MP: 3/3
  3537 | D:7      | Noticed SomeoneAwful's ghost (experienced DDMo)
  3549 | D:7      | Killed SomeoneAwful's ghost
  3549 | D:7      | Reached skill level 8 in Unarmed Combat
  3688 | D:7      | Reached XP level 9. HP: 66/85 MP: 4/4
  3876 | D:7      | Found a staircase to the Ecumenical Temple.
  4035 | D:8      | Reached skill level 9 in Unarmed Combat
  4145 | D:8      | Noticed Gastronok
  4163 | D:8      | Killed Gastronok
  4163 | D:8      | Reached skill level 5 in Fighting
  4163 | D:8      | Reached skill level 10 in Unarmed Combat
  4298 | D:10     | Entered Level 10 of the Dungeon
  4412 | D:10     | Reached XP level 10. HP: 89/96 MP: 4/4
  4528 | D:10     | Noticed Psyche
  4687 | D:10     | HP: 1/96 [kobold/wand of magic darts (9)]
  4689 | D:10     | Slain by an unseen horror

Action                   |  1- 3 |  4- 6 |  7- 9 | 10-12 || total
-------------------------+-------+-------+-------+-------++-------
Melee: Unarmed           |    63 |   149 |   215 |    26 ||   453
Invok: Berserk           |       |       |     3 |       ||     3
  Use: Potion            |       |       |     2 |     1 ||     3
       Scroll            |       |       |     2 |       ||     2
 Stab: Sleeping          |       |     1 |     1 |       ||     2
